 Dungeon Crawl Stone Soup version 0.23-a0-642-g3120c2f5a9 (webtiles) character file.

261 HereIgoKillingAgain the Magician (level 5, -4/28 HPs)
             Began as a Deep Elf Fire Elementalist on Dec 31, 2018.
             Was a Follower of Vehumet.
             Killed by divine providence
             ... invoked by an orc priest
              (17 damage)
             ... on level 4 of the Dungeon.
             The game lasted 00:07:50 (3188 turns).

HereIgoKillingAgain the Magician (DEFE)             Turns: 3188, Time: 00:07:51

Health: -4/28      AC:  3    Str:  5    XL:     5   Next: 96%
Magic:  0/15       EV: 13    Int: 21    God:    Vehumet [*.....]
Gold:   81         SH:  0    Dex: 15    Spells: 3/16 levels left

rFire    . . .     SeeInvis .   (no weapon)
rCold    + . .     Gourm    .   (no shield)
rNeg     . . .     Faith    .   a - +0 robe
rPois    .         Spirit   .   (no helmet)
rElec    .         Reflect  .   (no cloak)
rCorr    .         Harm     .   m - +0 pair of gloves
MR       .....                  (no boots)
Stlth    ++........             (no amulet)
HPRegen  0.09/turn              d - ring of protection from cold
MPRegen  0.14/turn              (no ring)

@: very slightly contaminated
A: no striking features
a: Renounce Religion


You were on level 4 of the Dungeon.
You worshipped Vehumet.
Vehumet was aware of your devotion.
You were hungry.

You visited 1 branch of the dungeon, and saw 4 of its levels.

You collected 81 gold pieces.

Inventory:

Armour
 a - a +0 robe (worn)
 m - a +0 pair of gloves (worn)
Jewellery
 d - a ring of protection from cold (left hand)
Scrolls
 f - a scroll of fear
 k - 2 scrolls of blinking
 l - 2 scrolls of remove curse
 n - a scroll of enchant armour {unknown}
Potions
 b - a potion of curing
 e - a potion of agility
 g - a potion of lignification
 h - a potion of brilliance
 j - a potion of mutation
Comestibles
 c - 6 rations


   Skills:
 - Level 3.0 Dodging
 - Level 2.7 Stealth
 * Level 6.1 Spellcasting
 + Level 3.0 Conjurations
 + Level 4.6 Fire Magic


You had 3 spell levels left.
You knew the following spells:

 Your Spells              Type           Power        Failure   Level  Hunger
a - Flame Tongue          Conj/Fire      ###..        1%          1    None
b - Conjure Flame         Conj/Fire      ###.....     6%          3    ##.....
c - Sticky Flame          Conj/Fire      ###.....     21%         4    ####...
d - Fireball              Conj/Fire      ###.......   50%         5    #####..

Your spell library contained the following spells:

 Spells                   Type           Power        Failure   Level  Hunger
 Sandblast                Erth           #.....       10%         1    None
 Throw Flame              Conj/Fire      ###...       3%          2    None
 Inner Flame              Hex/Fire       ###.....     12%         3    ##.....


Dungeon Overview and Level Annotations

Branches:
Dungeon (4/15)
 Temple: D:4-7

Altars:
Dithmenos
Gozag
Okawaru
Vehumet
Xom


Message History

You hit the orc.
The orc is lightly wounded.
The orc priest invokes the aid of Beogh against you.
Beogh smites you! The orc barely misses you.
Casting: Sticky Flame (slightly dangerous; 21% risk of failure)
Confirm with . or Enter, or press ? or * to list all spells.
Aiming: Sticky Flame (slightly dangerous; 21% risk of failure)
Press: ? - help, Shift-Dir - straight line, f - orc
Aim: an orc, wielding a +0 club and wearing a +0 leather armour (lightly The sticky flame hits the orc.
The orc is moderately wounded.
The orc is covered in liquid flames!
You are feeling hungry.
The orc burns!
You kill the orc!
Vehumet accepts your kill.
The orc priest mumbles some strange prayers to Beogh against you.
Beogh smites you!
Ouch! That really hurt!
You die...

###
#o.
#o#
#)#
#)#
#@#
###


You could see an orc priest and an orc.

Vanquished Creatures
  An orc priest (D:3)
  2 orc wizards (D:4)
  2 gnolls (D:2)
  6 adders
  An ooze (D:2)
  2 dart slugs (D:1)
  2 leopard geckos
  9 orcs
  5 giant cockroaches
  5 goblins
  10 hobgoblins
  9 jackals
  8 bats
  4 frilled lizards
  9 kobolds
  11 rats
86 creatures vanquished.

Notes
Turn   | Place    | Note
-------+----------+-------------------------------------------
     0 | D:1      | HereIgoKillingAgain the Deep Elf Fire Elementalist began
                  | the quest for the Orb.
     0 | D:1      | Reached XP level 1. HP: 10/10 MP: 6/6
   215 | D:1      | Reached XP level 2. HP: 11/15 MP: 0/8
   752 | D:1      | Reached XP level 3. HP: 17/19 MP: 1/10
   846 | D:1      | Learned a level 3 spell: Conjure Flame
  1140 | D:2      | Reached skill level 4 in Spellcasting
  1250 | D:2      | Found a radiant altar of Vehumet.
  1266 | D:2      | Became a worshipper of Vehumet
  1361 | D:2      | Found a shadowy altar of Dithmenos.
  1728 | D:2      | Reached XP level 4. HP: 20/24 MP: 8/12
  1796 | D:2      | Found an opulent altar of Gozag.
  1870 | D:2      | Found an iron altar of Okawaru.
  2202 | D:3      | Reached skill level 5 in Spellcasting
  2393 | D:3      | Reached XP level 5. HP: 3/28 MP: 8/14
  2395 | D:3      | Reached * piety under Vehumet
  2395 | D:3      | Offered knowledge of Sandblast by Vehumet.
  2852 | D:3      | Learned a level 4 spell: Sticky Flame
  2858 | D:3      | Learned a level 5 spell: Fireball
  3097 | D:3      | Found a shimmering altar of Xom.
  3184 | D:4      | Reached skill level 6 in Spellcasting
  3188 | D:4      | Killed from afar by an orc priest

Vault maps used:
D:1:      dpeg_arrival_lava_temple_mockup, hangedman_decor_lopped
D:2:      lemuel_coloured_pillars_altar, old_standard_altar,
          okawaru_altar_gauntlet_db, grunt_dithmenos_smoke_and_mirrors
D:3:      led_xom_imps
D:4:      old_standard_altar, gammafunk_temple_overflow_pools, first_ration

Skill      XL: |  1  2  3  4  5 |
---------------+----------------+-----
Dodging        | 3 |  3.0
Spellcasting   | 4 5 6 |  6.1
Conjurations   | 2 3 |  3.0
Fire Magic     | 4 |  4.6
Stealth        | |  2.7

Action                   |  1- 3 |  4- 6 || total
-------------------------+-------+-------++-------
Melee: Unarmed           |     6 |     8 ||    14
 Cast: Flame Tongue      |    74 |    80 ||   154
       Conjure Flame     |       |     1 ||     1
       Sticky Flame      |       |     4 ||     4
  Use: Potion            |     1 |     1 ||     2
       Scroll            |     4 |     5 ||     9
 Stab: Sleeping          |     1 |       ||     1
  Eat: Ration            |     1 |     1 ||     2
Armor: Robe              |     4 |    14 ||    18
Dodge: Dodged            |    38 |    74 ||   112

Table legend:
 A = Non-vault XP
 B = Vault XP
 C = Vault XP percentage of total XP
 D = Non-vault monster count
 E = Vault monster count
 F = Vault count percentage of total count
                 A         B        C        D         E       F
            +---------+---------+-------+---------+---------+-------
      Total |     335 |      39 |  10.4 |      80 |       6 |   7.0
            +---------+---------+-------+---------+---------+-------
        D:1 |      53 |       0 |   0.0 |      29 |       0 |   0.0
        D:2 |      50 |      39 |  43.8 |      15 |       6 |  28.6
        D:3 |     149 |       0 |   0.0 |      33 |       0 |   0.0
        D:4 |      83 |       0 |   0.0 |       3 |       0 |   0.0
            +---------+---------+-------+---------+---------+-------
